 Dungeon Crawl Stone Soup version 0.31-b1-17-gcfd88c8481 (webtiles) character file.

Game seed: 15132890043791542776

272 PaiMei the Grave Robber (level 6, 0/44 HPs)
             Began as a Demonspawn Necromancer on Jan 15, 2024.
             Slain by an ogre
             ... wielding a +0 giant club
              (21 damage)
             ... on level 4 of the Dungeon.
             The game lasted 00:05:31 (3367 turns).

PaiMei the Grave Robber (Demonspawn Necromancer)    Turns: 3367, Time: 00:05:31

Health: 0/44       AC: 12    Str:  8    XL:     6   Next: 2%
Magic:  5/10       EV: 12    Int: 23    God:
Gold:   75         SH:  0    Dex: 13    Spells: 7/11 levels left

rFire   + . .        c - +0 whip
rCold   . . .        (no shield)
rNeg    . . .        l - +1 leather armour of Halar {+Inv Int+5 Stlth+}
rPois   .            (no helmet)
rElec   .            g - +0 cloak
rCorr   .            k - +0 pair of gloves
SInv    .            (no boots)
Will    .....        (no amulet)
Stlth   +++          e - ring of protection from fire
HPRegen 0.27/turn    (no ring)
MPRegen 0.12/turn

%: no passive effects
@: sanguine armoured, studying Ranged Weapons
A: foul stench 1, sanguine armour 1, demonic touch 2
a: Evoke Invisibility


You were on level 4 of the Dungeon.
You visited 1 branch of the dungeon, and saw 4 of its levels.

You collected 75 gold pieces.

Inventory:

Hand Weapons
 c - a +0 whip (weapon)
Missiles
 h - 6 darts of dispersal (quivered)
 j - 3 poisoned darts
 u - a throwing net
Armour
 g - a +0 cloak (worn)
 k - a +0 pair of gloves (worn)
 l - the +1 leather armour of Halar (worn) {+Inv Int+5 Stlth+}
   (You found it on level 2 of the Dungeon)

   Int+5:     It affects your intelligence (+5).
   +Inv:      It lets you turn invisible.
   Stlth+:    It makes you more stealthy.
Jewellery
 e - a ring of protection from fire (left hand)
 i - an amulet of guardian spirit
 v - a ring of magical power
Scrolls
 f - 3 scrolls of identify {unknown}
 n - 3 scrolls of torment {unknown}
 o - 2 scrolls of teleportation {unknown}
 p - a scroll of noise {unknown}
 r - 3 scrolls of fear {unknown}
 s - a scroll of silence {unknown}
 t - a scroll of revelation {unknown}
Potions
 a - a potion of degeneration {unknown}
 b - a potion of magic
 d - 3 potions of curing {unknown}
 m - 2 potions of heal wounds {unknown}
 q - 3 potions of brilliance {unknown}


   Skills:
 + Level 2.3 Fighting
 + Level 3.2 Dodging
 - Level 2.2 Stealth
 + Level 3.3 Spellcasting
 + Level 5.5 Necromancy


You had 7 spell levels left.
You knew the following spells:

 Your Spells              Type           Power      Damage    Failure   Level
a - Necrotise             Necr           100%       1d9       1%          1
b - Vampiric Draining     Necr           29%        2d8       4%          3

Your spell library contained the following spells:

 Spells                   Type           Power      Damage    Failure   Level
 Animate Dead             Necr           29%        N/A       17%         4
 Scorch                   Fire           6%         2d5       26%         2
 Curse of Agony           Necr           29%        N/A       43%         5
 Hailstorm                Conj/Ice       3%         3d5       45%         3
 Summon Ice Beast         Ice/Summ       3%         N/A       45%         3
 Flame Wave               Conj/Fire      3%         2d5       86%         4
 Sculpt Simulacrum        Ice/Alch       1%         N/A       100%        6
 Summon Cactus Giant      Summ           1%         N/A       100%        6


Dungeon Overview and Level Annotations

Branches:
Dungeon (4/15)
 Temple: D:4-7

Altars:
Okawaru

Shops:
D:2 [

Annotations:
D:2 1 runed translucent door, Crazy Yiuf


Innate Abilities, Weirdness & Mutations

You may rarely emit foul miasma when damaged in melee.
When seriously injured, your blood forms armour. (AC +6)
Your touch may inflict irresistible damage on your foes.


Message History

You swap places.
Your adder skeleton crumbles into dust!
An ogre comes into view. It is wielding a +0 giant club.
An ogre is nearby!
Casting: Necrotise (safe; 1% risk of failure)
Confirm with . or Enter, or press ? or * to list all spells.
Aiming: Necrotise (safe; 1% risk of failure)
Press: ? - help, Shift-Dir - straight line, f - ogre
Aim: an ogre, wielding a +0 giant club (asleep, chance to affect: 83%)
The ogre shouts!
The ogre barely resists.
Casting: Necrotise (safe; 1% risk of failure)
Confirm with . or Enter, or press ? or * to list all spells.
Aiming: Necrotise (safe; 1% risk of failure)
Press: ? - help, Shift-Dir - straight line, f/p - ogre
Aim: an ogre, wielding a +0 giant club (chance to affect: 83%)
The ogre writhes in agony.
Casting: Necrotise (safe; 1% risk of failure)
Confirm with . or Enter, or press ? or * to list all spells.
Aiming: Necrotise (safe; 1% risk of failure)
Press: ? - help, Shift-Dir - straight line, f/p - ogre
Aim: an ogre, wielding a +0 giant club (lightly wounded, chance to affect: 83%)
The ogre writhes in agony.
The ogre hits you with a +0 giant club!!
Ouch! That really hurt!
Your blood congeals into armour.
Casting: Necrotise (safe; 1% risk of failure)
Confirm with . or Enter, or press ? or * to list all spells.
Aiming: Necrotise (safe; 1% risk of failure)
Press: ? - help, Shift-Dir - straight line, f/p - ogre
Aim: an ogre, wielding a +0 giant club (lightly wounded, chance to affect: 83%)
The ogre writhes in agony.
Casting: Necrotise (safe; 1% risk of failure)
Confirm with . or Enter, or press ? or * to list all spells.
Aiming: Necrotise (safe; 1% risk of failure)
Press: ? - help, Shift-Dir - straight line, f/p - ogre
Aim: an ogre, wielding a +0 giant club (lightly wounded, chance to affect: 83%)
The ogre writhes in agony.
The ogre hits you with a +0 giant club!!
You die...

#.###.#
).###.####### ##
............. .#
...##.#####.#. .#
....#.# .###.#
......# ..#.#
#..#### #.#.#
#..# #.###.#O#
...# #.....@.#
#+## #####.###
...## #.# ....##
### #.# .....##
##.###.#
......####...##.#
......'.......#.#
......###.......#
.....## #.#.#####


You could see an ogre.

Vanquished Creatures
  3 hounds
  8 adders
  2 dart slugs
  3 orcs (D:4)
  3 bats (D:3)
  3 endoplasms
  4 giant cockroaches
  3 hobgoblins
  3 jackals
  7 quokkas
  3 ball pythons
  4 frilled lizards
  10 goblins
  6 kobolds
  10 rats
72 creatures vanquished.

Vanquished Creatures (collateral kills)
  A jelly (D:4)
  An orc (D:3)
  2 bats (D:1)
  A ball python (D:3)
  A frilled lizard (D:3)
6 creatures vanquished.

Grand Total: 78 creatures vanquished

Notes
Turn   | Place    | Note
-------+----------+-------------------------------------------
     0 | D:1      | PaiMei the Demonspawn Necromancer began the quest for the
                  | Orb.
     0 | D:1      | Reached XP level 1. HP: 13/13 MP: 3/3
   212 | D:1      | Gained mutation: Your touch may inflict minor irresistible
                  | damage on your foes. [demonic ancestry]
   212 | D:1      | Reached XP level 2. HP: 19/19 MP: 1/5
   809 | D:1      | Reached XP level 3. HP: 24/24 MP: 4/6
   813 | D:1      | Learned a level 3 spell: Vampiric Draining
  1002 | D:2      | Found Ytizuca's Armour Shop.
  1264 | D:2      | Found a runed translucent door.
  1265 | D:2      | Noticed Crazy Yiuf
  1663 | D:2      | Reached skill level 1 in Fighting
  1663 | D:2      | Reached skill level 5 in Necromancy
  1663 | D:2      | Gained mutation: Your touch may inflict irresistible damage
                  | on your foes. [demonic ancestry]
  1663 | D:2      | Reached XP level 4. HP: 32/32 MP: 0/8
  1671 | D:2      | Identified the +1 leather armour of Halar {+Inv Int+5
                  | Stlth+}
  2105 | D:3      | Gained mutation: You may rarely emit foul miasma when
                  | damaged in melee. [demonic ancestry]
  2105 | D:3      | Reached XP level 5. HP: 37/37 MP: 4/9
  2503 | D:3      | Found a faded altar of an unknown god.
  3050 | D:4      | Found an iron altar of Okawaru.
  3305 | D:4      | Gained mutation: When seriously injured, your blood forms
                  | armour. (AC +6) [demonic ancestry]
  3305 | D:4      | Reached XP level 6. HP: 44/44 MP: 7/10
  3367 | D:4      | Slain by an ogre

Illustrated notes

Levels and vault maps discovered:
D:1:      lightli_arrival_noodles, layout_loops_ring
D:2:      layout_rooms, serial_shops, nicolae_shop_window_shopping,
          nicolae_houndstooth_variations, uniq_crazy_yiuf_cottage
D:3:      minmay_spotlight, layout_basic, dilly_ecumenical_altar_fadedgnrine
D:4:      layout_loops_corners, general_overflow_altar,
          lemuel_coloured_pillars_altar, mainiacjoe_overflow_tiny_flanked,
          minmay_misc_feat_roman, roderic_roman_lattice

Skill      XL: |  1  2  3  4  5 |
---------------+----------------+-----
Dodging        | 2 3 |  3.2
Stealth        | 2 |  2.2
Fighting       | 1 2 |  2.3
Necromancy     | 5 |  5.5
Spellcasting   | 3 |  3.3

Action                     |  1- 3 |  4- 6 || total
---------------------------+-------+-------++-------
  Melee: Whip              |    11 |    13 ||    24
         Touch             |     2 |     2 ||     4
   Cast: Necrotise         |    67 |    76 ||   143
 Armour: Robe              |    15 |       ||    15
         Leather armour    |       |    41 ||    41
  Dodge: Dodged            |    24 |    36 ||    60
